 Dungeon Crawl Stone Soup version 0.25.0-1-g7eea58d (webtiles) character file.

Game seed: 12029372278569806135

36 lyrin the Grave Robber (level 3, 0/20 HPs)
             Began as a Tengu Necromancer on June 16, 2020.
             Succumbed to an adder's poison
             ... on level 2 of the Dungeon.
             The game lasted 00:02:40 (1661 turns).

lyrin the Grave Robber (Tengu Necromancer)          Turns: 1661, Time: 00:02:40

Health: 0/20       AC:  6    Str:  9    XL:     3   Next: 37%
Magic:  5/7        EV:  9    Int: 15    God:
Gold:   63         SH:  0    Dex: 14    Spells: 5/6 levels left

rFire    . . .     SeeInvis .   b - +0 dagger
rCold    . . .     Gourm    .   (no shield)
rNeg     . . .     Faith    .   e - +0 scale mail
rPois    .         Spirit   .   (helmet restricted)
rElec    .         Reflect  .   (no cloak)
rCorr    .         Harm     .   (no gloves)
MR       .....                  (boots unavailable)
Stlth    +.........             (no amulet)
HPRegen  0.06/turn              (no ring)
MPRegen  0.10/turn              (no ring)

@: lethally poisoned (0 -> -1), stab, very slightly contaminated
A: beak, talons 3
a: no special abilities


You were on level 2 of the Dungeon.
You were not hungry.

You visited 1 branch of the dungeon, and saw 2 of its levels.

You collected 63 gold pieces.

Inventory:

Hand Weapons
 b - a +0 dagger (weapon)
Armour
 a - a +0 robe
 e - a +0 scale mail (worn)
Scrolls
 f - 2 scrolls of magic mapping
 g - a scroll of blinking
Potions
 d - a potion of brilliance
Comestibles
 c - 5 rations
 i - a chunk of flesh


   Skills:
 * Level 1.2 Fighting
 * Level 1.8 Short Blades
 + Level 0.8 Armour
 + Level 2.7 Dodging
 - Level 2.0 Stealth
 - Level 2.0 Spellcasting
 - Level 4.3 Necromancy


You had 5 spell levels left.
You knew the following spells:

 Your Spells              Type           Power        Failure   Level  Hunger
a - Pain                  Necr           ##..         30%         1    #......

Your spell library contained the following spells:

 Spells                   Type           Power        Failure   Level  Hunger
 Animate Skeleton         Necr           N/A          30%         1    #......
 Vampiric Draining        Necr           ##........   67%         3    ###....
 Animate Dead             Necr           N/A          97%         4    #####..
 Agony                    Necr           ##......     100%        5    ######.


Dungeon Overview and Level Annotations

Branches:
Dungeon (2/15)

Altars:

Annotations:
D:1 1 runed translucent door


Innate Abilities, Weirdness & Mutations

You have a beak for a mouth.
You have claws for feet.


Message History

It was a scroll of magic mapping.
Blink to where?
Press: ? - help, Dir - move target cursor
As you read the scroll labeled KOR VOULUC, it crumbles to dust.
It was a scroll of blinking.
* * * LOW HITPOINT WARNING * * *
You feel sick.
There is a lethal amount of poison in your body!
There is a lethal amount of poison in your body!
There is a lethal amount of poison in your body!
There is a lethal amount of poison in your body!
* * * LOW HITPOINT WARNING * * *
You feel sick.
* * * LOW HITPOINT WARNING * * *
You feel sick.
* * * LOW HITPOINT WARNING * * *
You feel sick.
* * * LOW HITPOINT WARNING * * *
You feel sick.
You die...

*****,* **,**##..#####.......#
,,,,,,* *,* #.%....#####...##
**********,* #...##.# #...# *
*,,,,,,.,*##...##.# #.(.# #
*,,,,,,..##.......#####(..#####
*,,,,,........รท##.#...).......#
*,,,,,...##..#..............#..
***,,,,,..,*#.......#...........#
,,*,,,,,.,,*#...@##.####....#.###
,,*,,,,,,,,*#.......# #....#.#
,,********,*#.##.#### #....#.#
,,,,,* *,...,..# #....#,*
,,,,,*****###,*###*****#.#.##,*
,,,,,,,,* *,* *,,,,,,.....,,*
,,,,,**,* *,* *,***,,,,,,,,****
,,,,,**,*****,* *,***,,,*,,,,,,,*
*******,,,,,,,* *,**,,,,,,,,,,,,*


There were no monsters in sight!

Vanquished Creatures
  An adder (D:2)
  2 dart slugs (D:1)
  3 leopard geckos
  2 bats (D:1)
  A hobgoblin (D:1)
  3 kobolds
  A frilled lizard (D:1)
  2 goblins (D:1)
  8 rats
23 creatures vanquished.

Notes
Turn   | Place    | Note
-------+----------+-------------------------------------------
     0 | D:1      | lyrin the Tengu Necromancer began the quest for the Orb.
     0 | D:1      | Reached XP level 1. HP: 10/10 MP: 4/4
     1 | D:1      | Found a runed translucent door.
   335 | D:1      | Reached skill level 1 in Short Blades
   335 | D:1      | Reached XP level 2. HP: 13/16 MP: 6/6
  1030 | D:2      | Reached skill level 1 in Fighting
  1089 | D:1      | Reached XP level 3. HP: 2/20 MP: 7/7
  1657 | D:2      | HP: 1/20 [poisoned by an adder]
  1661 | D:2      | Succumbed to an adder's poison

Illustrated notes

Levels and vault maps discovered:
D:1:      dpeg_arrival_caged_fury, layout_basic, st_stairs_13
D:2:      layout_loops_cross, lemuel_coloured_pillars_altar

Skill      XL: |  1  2 |
---------------+-------+-----
Short Blades   | 1 |  1.8
Fighting       | 1 |  1.2
Armour         | |  0.8
Dodging        | |  2.7
Stealth        | |  2.0
Spellcasting   | |  2.0
Necromancy     | |  4.3

Action                   || total
-------------------------++-------
Melee: Dagger            ||    80
       Kick              ||    17
       Peck              ||     8
 Cast: Pain              ||     3
  Use: Potion            ||     3
       Scroll            ||     2
  Eat: Chunk             ||     2
Armor: Robe              ||     9
       Scale mail        ||    29
Dodge: Dodged            ||    50
